 Dungeon Crawl Stone Soup version 0.23-a0-26-g9187234747 (webtiles) character file.

47 Faustar the Cudgeler (level 3, 0/31 HPs)
             Began as a Ghoul Monk on Aug 3, 2018.
             Slain by Natasha (8 damage)
             ... on level 2 of the Dungeon.
             The game lasted 00:01:47 (1162 turns).

Faustar the Cudgeler (Ghoul Monk)                   Turns: 1162, Time: 00:01:48

Health: 0/31       AC:  5    Str: 15    XL:     3   Next: 70%
Magic:  2/2        EV: 11    Int:  5    God:
Gold:   69         SH:  0    Dex: 11    Spells: 2/2 levels left

rFire    . . .     SeeInvis .   a - +0 mace
rCold    + . .     Gourm    .   (no shield)
rNeg     + + +     Faith    .   k - +0 ring mail
rPois    ∞         Spirit   .   (no helmet)
rElec    .         Reflect  .   (no cloak)
rCorr    .         Harm     .   (no gloves)
MR       .....                  (no boots)
Stlth    +.........             f - amulet of regeneration
HPRegen  0.00/turn              g - ring of flight
MPRegen  0.08/turn              (no ring)

@: rotting, slowed, very slow
A: rotting body, claws 1, carnivore, cold resistance 1, negative energy
resistance 3, inhibited regeneration, torment resistance, unbreathing
a: Evoke Flight


You were on level 2 of the Dungeon.
You were not hungry.

You visited 1 branch of the dungeon, and saw 2 of its levels.

You collected 69 gold pieces.

Inventory:

Hand Weapons
 a - a +0 mace (weapon)
Armour
 b - a +0 robe
 j - a +0 leather armour
 k - a +0 ring mail (worn)
Jewellery
 f - an amulet of regeneration (around neck)
 g - a ring of flight (left claw)
 m - a cursed -2 ring of dexterity {unknown}
Scrolls
 d - a scroll of teleportation {unknown}
 e - 4 scrolls of identify {unknown}
 i - 3 scrolls of enchant armour {unknown}
 n - 3 scrolls of remove curse {unknown}
Potions
 h - 2 potions of cancellation {unknown}
 l - a potion of curing {unknown}
 o - a potion of berserk rage {unknown}
Comestibles
 c - 5 rations


   Skills:
 - Level 3.2 Fighting
 + Level 4.1 Maces & Flails
 - Level 2.6 Dodging
 - Level 2.1 Stealth


You had 2 spell levels left.
You didn't know any spells.
Your spell library was empty.

Dungeon Overview and Level Annotations

Branches:
Dungeon (2/15)

Altars:
Ru

Annotations:
D:2 Natasha


Innate Abilities, Weirdness & Mutations

Your body is rotting away.
You thrive on raw meat.
You are immune to poison.
You have sharp fingernails.
You are carnivorous and can eat meat at any time.
Your flesh is cold resistant. (rC+)
You are immune to negative energy. (rN+++)
You do not regenerate when monsters are visible.
You are immune to unholy pain and torment.
You can survive without breathing.


Message History

Natasha is almost dead.
Natasha claws you!
Natasha wildly gestures.
Natasha glows brightly for a moment.
Natasha casts a spell at you. The magic dart hits you!
* * * LOW HITPOINT WARNING * * *
Eat a chunk of flesh? (ye/n/q)
You eat the chunk of flesh.
This raw flesh tastes great!
Natasha claws you.
You hit Natasha but do no damage.
Natasha is almost dead.
Natasha stares at you and mumbles some strange words.
The magic dart hits you!
* * * LOW HITPOINT WARNING * * *
Natasha stares at you and mumbles some strange words.
You feel as though you will be slow longer.
You hit Natasha but do no damage.
Natasha is almost dead.
Natasha claws you!
You die...

##.###.#.#.#
#....#.#.#.#
#.##.#...#.#
#....#####.#
#.#### #.#
#.# #.# #.#
#.# #.#
#.### #.#
#.@.# #.####
#.#h.#
#....#
##§≈.#
###### #≈.#
≈.# §.# ≈.#
..#


You could see Natasha.

Vanquished Creatures
  2 adders (D:2)
  A dart slug (D:1)
  A leopard gecko (D:1)
  2 giant cockroaches (D:1)
  3 goblins (D:1)
  5 hobgoblins
  3 bats (D:1)
  4 frilled lizards
  3 kobolds
  4 rats
28 creatures vanquished.

Notes
Turn   | Place    | Note
-------+----------+-------------------------------------------
     0 | D:1      | Faustar the Ghoul Monk began the quest for the Orb.
     0 | D:1      | Reached XP level 1. HP: 19/19 MP: 0/0
    54 | D:1      | Reached skill level 3 in Maces & Flails
    86 | D:1      | Reached XP level 2. HP: 17/26 MP: 1/1
   492 | D:1      | Reached XP level 3. HP: 31/31 MP: 2/2
   644 | D:2      | Found a sacrificial altar of Ru.
   737 | D:2      | Reached skill level 4 in Maces & Flails
  1152 | D:2      | Noticed Natasha
  1162 | D:2      | Slain by Natasha

Vault maps used:
D:1:      enne_arrival_octagon_isle, minmay_misc_feat_tower
D:2:      lightli_temple_of_fire, first_ration, nicolae_ru_awakened_eye,
          uniq_natasha

Skill      XL: |  1  2  3 |
---------------+----------+-----
Maces & Flails | 3 4 |  4.1
Fighting       | |  3.2
Dodging        | |  2.6
Stealth        | |  2.1

Action                   || total
-------------------------++-------
Melee: Mace              ||   105
 Stab: Sleeping          ||     4
  Eat: Chunk             ||    12
Armor: Robe              ||    12
       Ring mail         ||     9
       Leather armour    ||     3
Dodge: Dodged            ||    75

Table legend:
 A = Spawn XP
 B = Non-spawn XP
 C = Spawn XP percentage of total XP
 D = Spawn monster count
 E = Non-spawn monster count
 F = Spawn count percentage of total count
 G = Total turns spent on level
                    A         B        C        D         E        F      G
               +---------+---------+-------+---------+---------+-------+---------
         Total |       0 |      68 |   0.0 |       0 |      28 |   0.0 |  1162
               +---------+---------+-------+---------+---------+-------+---------
           D:1 |       0 |      37 |   0.0 |       0 |      22 |   0.0 |   580
           D:2 |       0 |      31 |   0.0 |       0 |       6 |   0.0 |   582
               +---------+---------+-------+---------+---------+-------+---------
